 Dungeon Crawl Stone Soup version 0.27-a0-417-g317cea8a3c (webtiles) character file.

Game seed: 14884460173330648126

11916 rednaxela the Thaumaturge (level 11, -5/49 HPs)
             Began as a Spriggan Enchanter on Feb 25, 2021.
             Was an Elder of Sif Muna.
             Killed from afar by a hell hog (23 damage)
             ... with a fireball
             ... in a Gauntlet.
             The game lasted 01:13:59 (23596 turns).

rednaxela the Thaumaturge (Spriggan Enchanter)     Turns: 23596, Time: 01:13:59

Health: -5/49      AC:  5    Str:  4    XL:     11   Next: 55%
Magic:  20/28      EV: 19    Int: 19    God:    Sif Muna [****..]
Gold:   376        SH:  0    Dex: 17    Spells: 19/34 levels left

rFire    + . .     SeeInvis +   a - +1 dagger
rCold    + + .     Faith    +   (shield restricted)
rNeg     + . .     Spirit   .   J - +2 robe {rN+}
rPois    +         Reflect  .   (helmet restricted)
rElec    +         Harm     .   A - +0 cloak
rCorr    +         Rampage  .   (gloves unavailable)
Will     +....     NoTele   +   (boots unavailable)
Stlth    +++.......             m - amulet of faith
HPRegen  0.16/turn              B - ring of protection from cold
MPRegen  0.21/turn              (no ring)

@: resistant, hasted, very quick
A: very small, unfitting armour, see invisible, speed 3
a: Renounce Religion, Channel Magic, Forget Spell, Divine Exegesis


You were in a Gauntlet.
You worshipped Sif Muna.
Sif Muna was greatly pleased with you.
You visited 3 branches of the dungeon, and saw 13 of its levels.
You also visited: Gauntlet.

You collected 831 gold pieces.
You spent 455 gold pieces at shops.

Inventory:

Hand Weapons
 a - a +1 dagger (weapon)
 b - a +0 shortbow
   (You took it off a centaur on level 7 of the Dungeon)
 q - a +0 rapier
   (You found it on level 2 of the Dungeon)
Missiles
 d - 35 poisoned darts
 w - 11 curare-tipped darts (quivered)
 H - 193 arrows
Armour
 l - the +0 cloak of Ezung {rC+ rCorr Int+3 Dex-3}
   (You found it in a Gauntlet)

   It affects your intelligence (+3).
   It affects your dexterity (-3).
   It protects you from cold.
   It provides partial protection from all sources of acid and corrosion.
 A - a +0 cloak (worn)
   (You found it on level 5 of the Dungeon)
 J - a +2 robe of positive energy (worn)
   (You took it off an orc wizard on level 6 of the Dungeon)
Jewellery
 i - the ring "Wadoin" {+Blink AC+4}
   (You found it in a Gauntlet)

   [ring of protection]

   It affects your AC (+4).
   It lets you blink.
 m - an amulet of faith (around neck)
   (You found it on level 2 of the Dungeon)
 B - a ring of protection from cold (left hand)
   (You found it on level 5 of the Dungeon)
 E - an amulet of regeneration
   (You found it on level 7 of the Dungeon)
 K - a ring of protection from cold
   (You found it on level 1 of the Lair of Beasts)
Wands
 c - a wand of polymorph (11)
   (You found it on level 8 of the Dungeon)
 h - a wand of random effects (24)
   (You found it on level 7 of the Dungeon)
 p - a wand of charming (7)
   (You found it on level 1 of the Lair of Beasts)
 r - a wand of acid (1) {@v1}
   (You found it on level 3 of the Dungeon)
 y - a wand of paralysis (15)
   (You found it on level 4 of the Dungeon)
 z - a wand of iceblast (16) {@v2}
   (You took it off Ijyb on level 5 of the Dungeon)
 D - a wand of flame (13) {@v4}
   (You found it on level 7 of the Dungeon)
Scrolls
 k - 2 scrolls of fog {!r}
 s - 10 scrolls of teleportation {@r3 !r}
 u - 5 scrolls of enchant armour
 x - 2 scrolls of immolation
Potions
 e - 2 potions of curing {@q1 !q}
 f - 2 potions of mutation
 g - a potion of magic {!q}
 j - a potion of resistance
 n - 4 potions of brilliance
 o - a potion of haste {@q4 !q}
 C - a potion of lignification {unknown}
 F - a potion of degeneration {unknown}


   Skills:
 + Level 1.1 Fighting
 - Level 1.1 Short Blades
 + Level 3.5 Dodging
 - Level 4.4 Stealth
 - Level 12.0 Spellcasting
 - Level 8.0 Hexes
 - Level 12.0 Air Magic
 - Level 5.0 Invocations


You had 19 spell levels left.
You knew the following spells:

 Your Spells              Type           Power        Failure   Level
a - Corona                Hex            45%          1%          1
b - Ensorcelled Hibernat  Hex/Ice        52%          1%          2
c - Confusing Touch       Hex            41%          1%          3
d - Tukima's Dance        Hex            41%          1%          3
s - Swiftness             Air            54%          1%          2
z - Airstrike             Air            27%          1%          4

Your spell library contained the following spells:

 Spells                   Type           Power        Failure   Level
 Shock                    Conj/Air       100%         1%          1
 Static Discharge         Conj/Air       34%          1%          3
 Dazzling Flash           Conj/Hex       52%          3%          3
 Summon Guardian Golem    Hex/Summ       26%          3%          3
 Summon Lightning Spire   Summ/Air       34%          4%          4
 Sandblast                Erth           22%          6%          1
 Summon Small Mammal      Summ           44%          6%          1
 Call Imp                 Summ           11%          9%          2
 Passwall                 Tmut/Erth      9%           9%          2
 Lightning Bolt           Conj/Air       17%          14%         5
 Call Canine Familiar     Summ           11%          19%         3
 Stone Arrow              Conj/Erth      22%          19%         3
 Petrify                  Tmut/Erth      11%          52%         4
 Summon Ice Beast         Ice/Summ       11%          52%         4
 Lee's Rapid Deconstruct  Erth           5%           86%         5


Dungeon Overview and Level Annotations

Branches:
Dungeon (10/15)            Temple (1/1) D:5            Lair (2/6) D:9
 Shoals (0/4) Lair:2       Spider (0/4) Lair:2      Gauntlet (1/1)
    Orc: D:9-12

Altars:
Ashenzari
Cheibriados
Dithmenos
Elyvilon
Fedhas
Gozag
Hepliaklqana
Kikubaaqudgha
Makhleb
Nemelex Xobeh
Okawaru
Qazlal
Ru
Sif Muna
Trog
Uskayaw
Vehumet
Wu Jian
Xom
Yredelemnul
Zin
The Shining One

Shops:
D:7 ?=[(   D:8 :*

Annotations:
D:10 Fannar Gauntlet 9 transporters


Innate Abilities, Weirdness & Mutations

You are very small and have problems with some larger weapons.
You are too small for most types of armour.
You have supernaturally acute eyesight. (SInv)
You cover ground extremely quickly.


Message History

* * * LOW HITPOINT WARNING * * *
You are engulfed in flames.
You resist.
* * * LOW HITPOINT WARNING * * *
Casting: Airstrike (safe; 1% risk of failure)
Confirm with . or Enter, or press ? or * to list all spells.
Aiming: Airstrike (safe; 1% risk of failure)
Press: ? - help, Dir - move target, f/p - fire bat
Aim: a fire bat (severely wounded)
The air twists around and strikes the fire bat!
You kill the fire bat!
The fire bat closely misses you. The fire bat completely misses you.
Your Dodging skill increases to level 3!
Casting: Airstrike (safe; 1% risk of failure)
Confirm with . or Enter, or press ? or * to list all spells.
Aiming: Airstrike (safe; 1% risk of failure)
Press: ? - help, Dir - move target, f - fire bat
Aim: a fire bat The air twists around and strikes the fire bat!
The fire bat is moderately wounded.
Casting: Airstrike (safe; 1% risk of failure)
Confirm with . or Enter, or press ? or * to list all spells.
Aiming: Airstrike (safe; 1% risk of failure)
Press: ? - help, Dir - move target, f/p - fire bat
Aim: a fire bat (moderately wounded)
The air twists around and strikes the fire bat!
You kill the fire bat!
The fire bat misses you.
Really quaff
e - 4 potions of curing {@q1 !q}?
You feel better. The fire bat misses you. The hell hog breathes fire at you.
The fireball explodes!
The fireball engulfs you! You resist.
* * * LOW HITPOINT WARNING * * *
The fireball engulfs the fire bat.
The fire bat completely resists.
Okay, then.
Casting: Airstrike (safe; 1% risk of failure)
Confirm with . or Enter, or press ? or * to list all spells.
Aiming: Ensorcelled Hibernation (safe; 1% risk of failure)
Press: ? - help, Shift-Dir - straight line, f - hell hog
Aim: a hell hog (catching its breath, chance to affect: 37%)
Okay, then.
Casting: Ensorcelled Hibernation (safe; 1% risk of failure)
Confirm with . or Enter, or press ? or * to list all spells.
Aiming: Ensorcelled Hibernation (safe; 1% risk of failure)
Press: ? - help, Shift-Dir - straight line, f - fire bat
Aim: a fire bat (chance to affect: 64%)
Okay, then.
Casting: Ensorcelled Hibernation (safe; 1% risk of failure)
Confirm with . or Enter, or press ? or * to list all spells.
Aiming: Airstrike (safe; 1% risk of failure)
Press: ? - help, Dir - move target, f - fire bat
Aim: a fire bat The air twists around and strikes the fire bat!
The fire bat is heavily wounded.
The fire bat barely misses you. The fire bat bites you.
* * * LOW HITPOINT WARNING * * *
You are engulfed in flames.
You resist.
* * * LOW HITPOINT WARNING * * *
Really quaff
t - a potion of ambrosia {!q}?
You are confused.
You feel invigorated.
The fire bat bites you but does no damage.
The fire bat closely misses you. The hell hog bites you.
* * * LOW HITPOINT WARNING * * *
You feel less invigorated. The fire bat completely misses you.
The hell hog closely misses you. The fire bat misses you.
Unknown command.
Unknown command.
You're too confused to cast spells.
You're too confused to cast spells.
Unknown command.
The hell hog bites you.
* * * LOW HITPOINT WARNING * * *
The fire bat bites you.
* * * LOW HITPOINT WARNING * * *
You are engulfed in flames.
You resist.
* * * LOW HITPOINT WARNING * * *
Really quaff
e - 3 potions of curing {@q1 !q}?
You feel better.
You feel less invigorated. The fire bat misses you.
The hell hog closely misses you.
Casting: Airstrike (safe; 1% risk of failure)
Confirm with . or Enter, or press ? or * to list all spells.
Aiming: Airstrike (safe; 1% risk of failure)
Press: ? - help, Dir - move target, f/p - fire bat
Aim: a fire bat (heavily wounded)
The air twists around and strikes the fire bat!
You kill the fire bat!
The hell hog bites you but does no damage.
Your Fighting skill increases to level 1!
Casting: Airstrike (safe; 1% risk of failure)
Confirm with . or Enter, or press ? or * to list all spells.
Aiming: Airstrike (safe; 1% risk of failure)
Press: ? - help, Dir - move target, f - hell hog
Aim: a hell hog The air twists around and strikes the hell hog!
The hell hog is moderately wounded.
The hell hog breathes fire at you.
The fireball explodes!
The fireball engulfs you!! You resist.
You die...

.#########...#.≈.WWW≈.(#...######
...#.©.#.....###########.....#.©.
...#.8.#...8....#.©.#....8...#.8.
...#.©.#........#...#........#.©.
###########.....#.§.#.....#######
#p...p....#...#########...#zzzzz.
#p#.....#.#...#...b...#...#zzzz..
#5.#####^5#...####.####...#zzz..z
#.5##.##.5#...#.@#.#..#...#zzz...
#....©...p#.8.#h##©##.#.8.#zzz.©.
#..##^##..#...#h#...#.#...#zz....
#.^#####^.#...#.#...#.#...#z.....
#.#.....#.#...#..}©.(.#...#.....z
#..!5©(...#...#########...#..(?©z
###########...............#######
............8.....8.....8........
.....8.........................8.


You could see a hell hog (catching breath), a wizard, a hell hound, a white imp
and a shadow imp.

Vanquished Creatures
  A hydra (Lair:1)
  A two-headed ogre (D:8)
  Urug (Lair:1)
  An orc knight (D:10)
  2 black mambas (Lair:1)
  3 cane toads (Lair:1)
  A komodo dragon (Lair:1)
  Prince Ribbit (D:9)
  3 blink frogs (Lair:1)
  3 shadows (Gauntlet)
  4 fire bats (Gauntlet)
  6 yaks
  Grum (D:9)
  Edmund (D:3)
  A water moccasin (Lair:1)
  5 orc warriors
  4 sky beasts
  5 ice beasts
  An eye of draining (D:3)
  2 ogres
  4 wolves (D:9)
  3 centaurs
  8 bullfrogs
  A gnoll sergeant (D:8)
  A wyvern skeleton (D:8)
  3 scorpions
  10 killer bees
  3 howler monkeys
  A vampire bat (D:5)
  An electric eel (Lair:1)
  A crimson imp (D:4)
  3 bullfrog zombies
  7 hounds
  4 orc priests
  A centaur skeleton (D:5)
  3 jellies
  A bullfrog skeleton (D:6)
  Ijyb (D:5)
  Terence (D:2)
  4 iguanas
  7 orc wizards
  4 worker ants
  2 killer bee zombies (D:7)
  A hound skeleton (D:4)
  2 worker ant zombies
  Robin (D:1)
  4 gnolls
  A howler monkey skeleton (D:4)
  13 adders
  A shadow imp (D:8)
  2 white imps
  An ufetubus (D:5)
  An ooze (D:2)
  2 adder skeletons
  4 worms
  7 leopard geckos
  30 orcs
  6 giant cockroaches
  21 goblins
  9 hobgoblins
  8 jackals
  8 kobolds
  5 quokkas
  2 ball pythons
  13 bats
  5 frilled lizards
  A jackal skeleton (D:5)
  A quokka skeleton (D:5)
  5 rats
275 creatures vanquished.

Vanquished Creatures (collateral kills)
  An ogre (D:6)
  5 orcs
6 creatures vanquished.

Vanquished Creatures (others)
  3 dancing weapons
  A fungus (Lair:1)
  3 plants (Lair:1)
7 creatures vanquished.

Grand Total: 288 creatures vanquished

Notes
Turn   | Place    | Note
-------+----------+-------------------------------------------
     0 | D:1      | rednaxela the Spriggan Enchanter began the quest for the
                  | Orb.
     0 | D:1      | Reached XP level 1. HP: 9/9 MP: 5/5
   117 | D:1      | Found a snail-covered altar of Cheibriados.
   204 | D:1      | Reached skill level 3 in Spellcasting
   364 | D:1      | Reached skill level 4 in Hexes
   551 | D:1      | Reached XP level 2. HP: 13/13 MP: 7/7
   554 | D:1      | Learned a level 2 spell: Ensorcelled Hibernation
   966 | D:2      | Noticed Robin
  1556 | D:2      | Reached XP level 3. HP: 12/16 MP: 9/9
  1604 | D:1      | Killed Robin
  2202 | D:2      | Reached skill level 4 in Spellcasting
  2325 | D:2      | Noticed Terence
  2378 | D:2      | Killed Terence
  2379 | D:2      | Reached skill level 5 in Hexes
  2379 | D:2      | Reached XP level 4. HP: 21/21 MP: 2/11
  2400 | D:2      | Learned a level 3 spell: Confusing Touch
  2404 | D:2      | Learned a level 3 spell: Tukima's Dance
  3930 | D:2      | Reached XP level 5. HP: 21/24 MP: 8/13
  4018 | D:3      | Noticed an eye of draining
  4104 | D:3      | Reached skill level 5 in Spellcasting
  4386 | D:3      | Found a bloodstained altar of Trog.
  4402 | D:3      | Killed an eye of draining
  4403 | D:3      | Reached skill level 6 in Hexes
  4498 | D:3      | Reached skill level 6 in Spellcasting
  4498 | D:3      | Reached XP level 6. HP: 28/28 MP: 10/16
  5409 | D:4      | Noticed Edmund
  5524 | D:3      | Killed Edmund
  5525 | D:3      | Reached skill level 7 in Hexes
  5824 | D:4      | Found a broken altar of Ashenzari.
  5984 | D:4      | Reached XP level 7. HP: 22/32 MP: 14/18
  6109 | D:4      | Found a shimmering altar of Xom.
  6110 | D:4      | Found a burning altar of Makhleb.
  6334 | D:4      | Reached skill level 7 in Spellcasting
  6599 | D:5      | Entered Level 5 of the Dungeon
  6616 | D:5      | Found a staircase to the Ecumenical Temple.
  6624 | Temple   | Entered the Ecumenical Temple
  6672 | Temple   | Became a worshipper of Sif Muna the Loreminder
  6714 | D:5      | Noticed Ijyb
  6920 | D:5      | Killed Ijyb
  7487 | D:5      | Reached skill level 8 in Hexes
  7505 | D:5      | Reached * piety under Sif Muna
  7674 | D:5      | Reached skill level 8 in Spellcasting
  8057 | D:6      | Reached skill level 9 in Spellcasting
  8057 | D:6      | Reached XP level 8. HP: 26/36 MP: 13/22
  8790 | D:6      | Reached skill level 10 in Spellcasting
  8790 | D:6      | Reached skill level 1 in Invocations
  9129 | D:7      | Reached skill level 2 in Invocations
  9153 | D:6      | Reached skill level 3 in Invocations
  9232 | D:7      | Found Qaubohis's Jewellery Shoppe.
  9758 | D:7      | Found Teaf's Armour Shop.
  9821 | D:7      | Reached ** piety under Sif Muna
 10142 | D:7      | Reached skill level 4 in Invocations
 11148 | D:7      | Reached XP level 9. HP: 12/39 MP: 21/24
 11434 | D:7      | Found Numnopno's Weapon Shop.
 11537 | D:7      | Found a glowing silver altar of Zin.
 11649 | D:7      | Reached skill level 11 in Spellcasting
 11649 | D:7      | Reached skill level 5 in Invocations
 11727 | D:7      | Found Jayro's Magic Scroll Shop.
 12194 | D:8      | Found Qituaz's Book Shop.
 13170 | D:9      | Found a basalt altar of Yredelemnul.
 13170 | D:9      | Found a glowing silver altar of Zin.
 13171 | D:9      | Found a white marble altar of Elyvilon.
 13172 | D:9      | Found a snail-covered altar of Cheibriados.
 13173 | D:9      | Found a radiant altar of Vehumet.
 13173 | D:9      | Found an opulent altar of Gozag.
 13173 | D:9      | Found an ancient bone altar of Kikubaaqudgha.
 13173 | D:9      | Found an iron altar of Okawaru.
 13190 | D:9      | Noticed Prince Ribbit
 13273 | D:8      | Reached skill level 12 in Spellcasting
 13281 | D:8      | Bought a book of Air for 455 gold pieces
 13286 | D:8      | Learned a level 4 spell: Airstrike
 13289 | D:8      | Learned a level 2 spell: Swiftness
 13391 | D:8      | Reached skill level 1 in Air Magic
 13639 | D:9      | Reached skill level 2 in Air Magic
 13994 | D:9      | Noticed Grum
 14175 | D:9      | Found a glowing golden altar of the Shining One.
 14204 | D:9      | Found a staircase to the Lair.
 14240 | D:9      | Reached skill level 3 in Air Magic
 14885 | D:9      | Killed Prince Ribbit
 14886 | D:9      | Reached skill level 4 in Air Magic
 15223 | D:9      | Found a glowing golden altar of the Shining One.
 15249 | D:9      | Found a basalt altar of Yredelemnul.
 15250 | D:9      | Found a radiant altar of Vehumet.
 15260 | D:9      | Found a glowing silver altar of Zin.
 15260 | D:9      | Found a snail-covered altar of Cheibriados.
 15260 | D:9      | Found an iron altar of Okawaru.
 15261 | D:9      | Found a white marble altar of Elyvilon.
 15262 | D:9      | Found an ancient bone altar of Kikubaaqudgha.
 15271 | D:9      | Found a staircase to the Lair.
 15496 | D:9      | Found an opulent altar of Gozag.
 15587 | D:9      | Reached skill level 5 in Air Magic
 15640 | D:9      | Killed Grum
 16203 | D:8      | Reached *** piety under Sif Muna
 16571 | D:8      | Noticed a two-headed ogre
 16610 | D:8      | Killed a two-headed ogre
 16611 | D:8      | Reached skill level 6 in Air Magic
 16611 | D:8      | Reached XP level 10. HP: 40/44 MP: 15/27
 16862 | D:8      | Found Qituaz's Book Shop.
 17597 | D:8      | Reached skill level 7 in Air Magic
 17951 | D:8      | Found Busae's General Store.
 18349 | D:10     | Entered Level 10 of the Dungeon
 18415 | D:10     | Noticed Fannar
 19000 | D:10     | Reached skill level 8 in Air Magic
 19021 | D:10     | Reached **** piety under Sif Muna
 19958 | D:10     | Reached skill level 9 in Air Magic
 20626 | D:10     | Noticed an orc knight
 20654 | D:10     | Killed an orc knight
 20816 | D:10     | Reached skill level 10 in Air Magic
 21232 | Lair:1   | Entered Level 1 of the Lair of Beasts
 21340 | Lair:1   | Noticed a seven-headed hydra
 21341 | Lair:1   | Noticed a black mamba
 21374 | Lair:1   | Killed a seven-headed hydra
 21375 | Lair:1   | Reached XP level 11. HP: 47/47 MP: 11/28
 22064 | Lair:1   | Reached skill level 11 in Air Magic
 22763 | Lair:1   | Noticed Urug
 22784 | Lair:1   | Killed Urug
 23190 | Lair:2   | Found a gate leading to a gauntlet.
 23196 | Gauntlet | Entered a Gauntlet
 23196 | Gauntlet | Found a transporter.
 23203 | Gauntlet | Noticed a ghost crab
 23205 | Gauntlet | Found a transporter.
 23217 | Gauntlet | Found a transporter.
 23221 | Gauntlet | Found a transporter.
 23233 | Gauntlet | Found a transporter.
 23253 | Gauntlet | Found a transporter.
 23255 | Gauntlet | Noticed a hell hog
 23266 | Gauntlet | Found a transporter.
 23273 | Gauntlet | Noticed a wizard
 23286 | Gauntlet | Found a transporter.
 23292 | Gauntlet | Found a transporter.
 23294 | Gauntlet | Noticed a wizard
 23295 | Gauntlet | Noticed a green death
 23301 | Gauntlet | Found a transporter.
 23326 | Gauntlet | Found a transporter.
 23326 | Gauntlet | Found a transporter.
 23380 | Gauntlet | Identified a fine granite ring
 23573 | Gauntlet | Identified a spiked cloak
 23582 | Gauntlet | Reached skill level 12 in Air Magic
 23585 | Gauntlet | Reached skill level 3 in Dodging
 23596 | Gauntlet | Reached skill level 1 in Fighting
 23596 | Gauntlet | Killed from afar by a hell hog

Illustrated notes

Levels and vault maps discovered:
D:1:      ncdulo_wetmaze, layout_basic, cheibriados_altar_1
D:2:      layout_basic, uniq_robin, uniq_terence
D:3:      layout_rooms, trog_eyes_of_draining
D:4:      minmay_recursive_quarters, layout_basic,
          grunt_temple_overflow_champion_of_chaos, ashenzari_altar_1,
          minmay_quadrilaterals, uniq_edmund
D:5:      layout_rooms, minmay_temple_entry_steel_oval, roderic_batcave,
          chequers_serial_rivers_large_a, uniq_ijyb
D:6:      layout_basic
D:7:      layout_rooms, serial_shops, shop, shop, nicolae_shop_behind_doors,
          nicolae_shop_trees, basic_altar
D:8:      layout_basic, serial_shops, nicolae_shop_window_shopping,
          kennysheep_mini_moat, nrook_mini_backslash,
          amcnicky_mini_corridor_feature
D:9:      layout_loops_cross, tso_altar, grunt_temple_overflow_open,
          lair_entry_dummy, enter_bailey_2, uniq_grum, uniq_prince_ribbit1
D:10:     cheibrodos_orc_bank, layout_basic, uniq_fannar
Temple:   jpeg_temple_alley_garden
Lair:1:   layout_chaotic_city, st_stairs_4, serial_bayou_shore_a, uniq_urug
Lair:2:   layout_loops_ring, minmay_shoals_entry_centaurs,
          spider_nest_entry_webs, gauntlet_entry_generic,
          gammafunk_ghost_berserking_beasts
Gauntlet: minmay_gauntlet_mixed_oops_all_seconds
          [minmay_gauntlet_arena_77_tiled_triplets,
          nicolae_gauntlet_arena_flowing_pool, minmay_gauntlet_arena_77_fan,
          nicolae_gauntlet_arena_blocks, minmay_gauntlet_arena_77_mirror,
          gammafunk_gauntlet_arena_open, gauntlet_exit_watery]

Skill      XL: |  1  2  3  4  5  6  7  8  9 10 11 |
---------------+----------------------------------+-----
Spellcasting   | 3 4 6 9 10 12 | 12.0
Hexes          | 4 5 6 7 8 |  8.0
Invocations    | 4 5 |  5.0
Air Magic      | 6 10 12 | 12.0
Dodging        | 3 |  3.5
Fighting       | 1 |  1.1
Short Blades   | |  1.1
Stealth        | |  4.4

Action                   |  1- 3 |  4- 6 |  7- 9 | 10-12 || total
-------------------------+-------+-------+-------+-------++-------
Melee: Dagger            |    32 |   193 |   444 |    35 ||   704
 Fire: Hunting sling     |    61 |    56 |    23 |       ||   140
       Shortbow          |       |       |     9 |       ||     9
Throw: Dart              |    23 |    14 |     6 |    13 ||    56
 Cast: Corona            |     3 |       |       |       ||     3
       Ensorcelled Hiber |    15 |    42 |   119 |     7 ||   183
       Tukima's Dance    |       |     6 |    17 |     4 ||    27
       Confusing Touch   |       |    11 |    50 |     7 ||    68
       Airstrike         |       |       |    22 |   165 ||   187
Invok: Channel Magic     |       |       |       |     4 ||     4
Evoke: Wand              |       |       |     3 |     3 ||     6
  Use: Scroll            |       |       |    10 |     9 ||    19
       Potion            |       |       |     1 |    10 ||    11
 Stab: Sleeping          |    10 |    31 |    71 |     5 ||   117
       Confused          |       |     8 |    33 |     2 ||    43
Armor: Robe              |     9 |    22 |    38 |    12 ||    81
Dodge: Dodged            |    54 |   158 |   360 |    97 ||   669

Table legend: (Time is in decaauts)
 A = Elapsed time spent in this place.
 B = Non-inter-level travel time spent in this place.
 C = Inter-level travel time spent in this place.
 D = Time resting spent in this place.
 E = Time spent auto-exploring this place.
 F = Levels seen in this place.
 G = Mean time per level.
                   A        B        C        D        E       F      G
               +--------+--------+--------+--------+--------+-----+--------+
         Total |  19145 |  18340 |    805 |   5260 |   8829 |  14 | 1367.5 |
       Dungeon |  17186 |  16413 |    773 |   4829 |   7655 |  10 | 1718.6 |
        Temple |     50 |     31 |     19 |      0 |     23 |   1 |   50.0 |
          Lair |   1601 |   1589 |     12 |    277 |   1056 |   2 |  800.5 |
      Gauntlet |    308 |    308 |      0 |    154 |     94 |   1 |  308.0 |
               +--------+--------+--------+--------+--------+-----+--------+

Top non-repeatable levels by time:
     D:9: 3698 daAuts
     D:6: 1929 daAuts
     D:7: 1780 daAuts
     D:2: 1665 daAuts
     D:8: 1622 daAuts
  Lair:1: 1568 daAuts
    D:10: 1561 daAuts
     D:3: 1332 daAuts
     D:5: 1275 daAuts
     D:1: 1254 daAuts
     D:4: 1066 daAuts
Gauntlet: 308 daAuts
  Temple: 50 daAuts
  Lair:2: 32 daAuts
